 Dungeon Crawl Stone Soup version 0.27.1-2-g3b301248ec (webtiles) character file.

Game seed: 2134827972801916730

207 Waffleater7 the Poker (level 5, -3/60 HPs)
             Began as a Merfolk Gladiator on Sept 30, 2021.
             Slain by pkoi's ghost (12 damage)
             ... on level 3 of the Dungeon.
             The game lasted 00:12:24 (2936 turns).

Waffleater7 the Poker (Merfolk Gladiator)           Turns: 2936, Time: 00:12:24

Health: -3/60      AC: 22    Str: 15    XL:     5   Next: 85%
Magic:  5/5        EV:  2    Int:  7    God:
Gold:   106        SH:  0    Dex: 16    Spells: 4/4 levels left

rFire    . . .     SeeInvis .   a - +1 trident
rCold    . . .     Faith    .   (no shield)
rNeg     + + +     Spirit   .   (armour currently unavailable)
rPois    +         Reflect  .   (helmet currently unavailable)
rElec    .         Harm     .   (cloak currently unavailable)
rCorr    .         Rampage  .   (gloves currently unavailable)
Will     +....     NoTele   +   (boots currently unavailable)
Stlth    ++........             (no amulet)
HPRegen  0.20/turn              b - ring of willpower
MPRegen  0.09/turn              (no ring)

@: tree-form
A: stationary, stasis, torment immunity, boosted hp, (nimble swimmer 2),
(mertail)
a: no special abilities


You were on level 3 of the Dungeon.
You were a tree.
You visited 1 branch of the dungeon, and saw 3 of its levels.

You collected 106 gold pieces.

Inventory:

Hand Weapons
 a - a +1 trident (weapon)
 i - a +4 short sword
 l - a +0 dagger
Missiles
 d - 3 throwing nets (quivered)
 h - 49 poisoned darts
 m - 8 boomerangs
Armour
 c - a +1 helmet (melded)
 f - a +0 scale mail (melded)
 k - a +2 cloak (melded)
Jewellery
 b - a ring of willpower (left branch)
Scrolls
 e - a scroll of magic mapping
Potions
 g - a potion of mutation
 j - a potion of brilliance


   Skills:
 * Level 2.9 Fighting
 * Level 7.1 Polearms
 - Level 2.1 Throwing
 * Level 1.7 Armour
 * Level 4.7 Dodging
 + Level 0.8 Stealth


You had 4 spell levels left.
You didn't know any spells.
Your spell library was empty.

Dungeon Overview and Level Annotations

Branches:
Dungeon (3/15)

Altars:
Okawaru
Xom

Shops:
D:1 *   D:3 (

Annotations:
D:3 pkoi's ghost, amateur MiFi


Innate Abilities, Weirdness & Mutations

You are a tree.
Your roots penetrate the ground, keeping you stationary.
You cannot be teleported.
You are immune to unholy pain and torment.
Your maximum health is greatly increased.
Your equipment is partially melded.
((You are quick and stealthy near water. (Stealth+, EV+, Speed+++)))
((Your lower body shifts to a powerful aquatic tail in water.))


Message History

The orc hits you but does no damage. The orc hits you with a +0 hand axe.
Reach: a) +1 trident
Press: ? - help, Dir - move target, f/p - sky beast
Aim: a sky beast (about 46% to evade your +1 trident)
You reach to attack!
You hit the sky beast.
The sky beast is lightly wounded.
Pkoi's ghost shrieks, "They lied to you.
The Dungeon just goes down and down forever."
The orc hits you with a +0 flail of distortion.
Space warps horribly around you!
* * * LOW HITPOINT WARNING * * *
The orc hits you but does no damage.
You hit the orc.
The orc is moderately wounded.
The orc hits you but does no damage. Space bends around you.
* * * LOW HITPOINT WARNING * * *
The orc hits you but does no damage.
You hit the orc.
The orc is severely wounded.
The orc hits you but does no damage. Space bends around you.
* * * LOW HITPOINT WARNING * * *
The orc hits you but does no damage.
You puncture the orc!
You kill the orc!
The orc hits you but does no damage.
You closely miss the sky beast.
The sky beast is lightly wounded.
The sky beast hits you but does no damage.
The orc barely misses you.
Reach: a) +1 trident
Press: ? - help, Dir - move target, f - orc, p - sky beast
Aim: an orc, wielding a +0 flail of distortion, wearing a +0 leather armour and quivering silver boomerangs (about 36% to evade your +1 trident)
You puncture the orc!
You kill the orc!
The sky beast hits you but does no damage.
Okay, then.
Okay, then.
You hit the sky beast but do no damage.
The sky beast hits you but does no damage.
You closely miss the sky beast. Pkoi's ghost hits you!
You die...

# #..# #......### ############..#
#........[ ..............#
#......... ...##########.#
#######.........
..............####)............##
..##############)))............##
......[..........#########.......
#.##############.#.......#....###
#..##.∩..[.....#♣#...#...#......#
##.##..#######.#YW..#.#..#..###.#
.................'....(}.#..'....
###.#.#####.##.#.'..#.#!.#..###.#
###.#'## #.##.#.#..$#...#..# #.#
.......# #.##.#.#.......#..# #.#
..[....# ##.##.#(#########..# #.#
.......# #...#.#............# #.#
.......# #...#.#####.#.#....# #.#


You could see a sky beast and pkoi's ghost.

Vanquished Creatures
  A sky beast (D:3)
  Robin (D:3)
  2 adders (D:2)
  3 worms
  A dart slug (D:2)
  2 orcs (D:3)
  3 endoplasms
  2 giant cockroaches
  16 goblins
  7 hobgoblins
  4 quokkas
  8 ball pythons
  6 bats
  3 frilled lizards
  6 kobolds
  6 rats
71 creatures vanquished.

Notes
Turn   | Place    | Note
-------+----------+-------------------------------------------
     0 | D:1      | Waffleater7 the Merfolk Gladiator began the quest for the
                  | Orb.
     0 | D:1      | Reached XP level 1. HP: 16/16 MP: 1/1
   201 | D:1      | Reached XP level 2. HP: 20/22 MP: 2/2
   232 | D:1      | Reached skill level 5 in Polearms
   585 | D:1      | Reached XP level 3. HP: 28/28 MP: 3/3
   693 | D:1      | Found a faded altar of an unknown god.
   730 | D:1      | Found Uciptap's Assorted Antiques.
  1226 | D:2      | Reached XP level 4. HP: 26/34 MP: 4/4
  1285 | D:2      | Reached skill level 1 in Armour
  1803 | D:3      | Noticed a sky beast
  1867 | D:3      | Killed a sky beast
  1868 | D:3      | Reached skill level 6 in Polearms
  1868 | D:3      | Reached XP level 5. HP: 17/40 MP: 5/5
  2151 | D:3      | Found a runed translucent gate.
  2151 | D:3      | Found a runed translucent gate.
  2152 | D:3      | Found a runed translucent gate.
  2153 | D:3      | Noticed a sky beast
  2154 | D:3      | Noticed pkoi's ghost (amateur MiFi)
  2168 | D:3      | Noticed Robin
  2189 | D:3      | Killed Robin
  2214 | D:3      | Reached skill level 7 in Polearms
  2466 | D:3      | Found Lef Lom's Weapon Shoppe.
  2731 | D:3      | Found an iron altar of Okawaru.
  2731 | D:3      | Found a shimmering altar of Xom.
  2936 | D:3      | Slain by pkoi's ghost

Illustrated notes

Levels and vault maps discovered:
D:1:      dpeg_arrival_rhombi, layout_loops_cross,
          shapermc_ecumenical_altar_totnotflames, serial_shops, shop,
          minmay_quantized
D:2:      layout_basic
D:3:      layout_basic, amethyst_overflow_temple_binary, gammafunk_ghost_split,
          serial_shops, shop, uniq_robin

Skill      XL: |  1  2  3  4  5 |
---------------+----------------+-----
Polearms       | 5 6 7 |  7.1
Armour         | 1 |  1.7
Fighting       | |  2.9
Throwing       | |  2.1
Dodging        | |  4.7
Stealth        | |  0.8

Action                   |  1- 3 |  4- 6 || total
-------------------------+-------+-------++-------
Melee: Trident           |    98 |   153 ||   251
  Use: Scroll            |     5 |     8 ||    13
       Potion            |       |     1 ||     1
 Stab: Sleeping          |     2 |       ||     2
       Fleeing           |     2 |       ||     2
Armor: Leather armour    |    20 |       ||    20
       Scale mail        |    14 |    62 ||    76
       Skin              |       |    18 ||    18
Dodge: Dodged            |    43 |    47 ||    90
